 Dungeon Crawl Stone Soup version 0.31-a0-175-g9f7f995f2b (webtiles) character file.

Game seed: 2761991955691368220

2725 Faragor the Thaumaturge (level 9, -3/45 HPs)
             Began as a Deep Elf Conjurer on June 16, 2023.
             Was an Initiate of Sif Muna.
             Engulfed by a cloud of steam (4 damage)
             ... on level 8 of the Dungeon on June 17, 2023.
             The game lasted 00:30:15 (9424 turns).

Faragor the Thaumaturge (Deep Elf Conjurer)         Turns: 9424, Time: 00:30:15

Health: -3/45      AC:  9    Str:  4    XL:     9   Next: 40%
Magic:  10/25      EV: 13    Int: 28    God:    Sif Muna [......]
Gold:   305        SH:  0    Dex: 13    Spells: 8/28 levels left

rFire   . . .        y - +1 morningstar (protect)
rCold   . . .        m - orb {mayhem}
rNeg    . . .        a - +0 robe
rPois   .            (no helmet)
rElec   .            F - +1 cloak
rCorr   .            (no gloves)
SInv    .            i - +0 pair of boots
Will    .....        (no amulet)
Stlth   ++++         f - ring of flight
HPRegen 0.27/turn    t - +4 ring of protection
MPRegen 0.19/turn

%: mayhem
@: flying
A: no striking features
a: Renounce Religion


You were on level 8 of the Dungeon.
You worshipped Sif Muna.
Sif Muna was noncommittal.
You visited 2 branches of the dungeon, and saw 9 of its levels.

You collected 305 gold pieces.

Inventory:

Hand Weapons
 n - a +2 short sword of venom
 y - a +1 morningstar of protection (weapon)
Missiles
 o - 57 stones
 E - a throwing net
Armour
 a - a +0 robe (worn)
 i - a +0 pair of boots (worn)
 k - the +3 robe of Syndicalism {rPois Int-3 Slay+3 Stlth+}
   (You found it on level 2 of the Dungeon)

   Int:       It affects your intelligence (-3).
   Slay:      It affects your accuracy & damage with ranged weapons and melee
   (+3).
   rPois:     It protects you from poison.
   Stlth:     It makes you more stealthy.
 m - an orb of mayhem (worn)
 F - a +1 cloak (worn)
Jewellery
 f - a ring of flight (left hand)
 t - a +4 ring of protection (right hand)
 H - a ring of flight
Wands
 u - a wand of polymorph (7)
 C - a wand of flame (21)
Scrolls
 e - a scroll of teleportation
 g - 3 scrolls of fog {unknown}
 l - a scroll of enchant armour
 r - a scroll of immolation {unknown}
 s - a scroll of silence
 w - 6 scrolls of identify
 z - 2 scrolls of revelation {unknown}
 B - 4 scrolls of poison {unknown}
Potions
 c - a potion of brilliance {unknown}
 d - 2 potions of lignification {unknown}
 h - a potion of curing
 j - 3 potions of enlightenment {unknown}
 p - a potion of attraction {unknown}
 q - a potion of degeneration {unknown}
 v - a potion of might {unknown}
 x - 2 potions of mutation {unknown}
 A - a potion of heal wounds {unknown}
 D - a potion of invisibility {unknown}
 G - a potion of berserk rage {unknown}
 I - a potion of haste {unknown}


   Skills:
 - Level 3.6 Dodging
 + Level 9.9 Stealth
 + Level 10.0 Spellcasting
 + Level 9.2 Conjurations


You had 8 spell levels left.
You knew the following spells:

 Your Spells              Type           Power      Damage    Failure   Level
a - Magic Dart            Conj           100%       1d8       1%          1
b - Searing Ray           Conj           100%       2d8       1%          2
c - Fulminant Prism       Conj/Hex       19%        3d10      6%          4
d - Iskenderun's Mystic   Conj/Tloc      39%        2d9       6%          4
e - Animate Dead          Necr           14%        N/A       36%         4
f - Apportation           Tloc           28%        N/A       4%          1
g - Passage of Golubria   Tloc           14%        N/A       36%         4

Your spell library contained the following spells:

 Spells                   Type           Power      Damage    Failure   Level
 Dazzling Flash           Conj/Hex       78%        N/A       1%          3
 Hailstorm                Conj/Ice       39%        3d9       1%          3
 Lesser Beckoning         Tloc           28%        N/A       6%          2
 Gell's Gravitas          Tloc           14%        N/A       12%         3
 Teleport Other           Tloc           14%        N/A       12%         3
 Ice Form                 Ice/Tmut       14%        N/A       36%         4
 Alistair's Intoxication  Tmut/Pois      9%         N/A       73%         5
 Silence                  Hex/Air        7%         N/A       73%         5
 Simulacrum               Ice/Necr       7%         N/A       99%         6
 Haunt                    Necr/Summ      7%         N/A       100%        7
 Infestation              Necr           7%         N/A       100%        8
 Lehudib's Crystal Spear  Conj/Erth      19%        10d6      100%        8


Dungeon Overview and Level Annotations

Branches:
Dungeon (8/15)             Temple (1/1) D:6
   Lair: D:8-11

Altars:
Ashenzari
Cheibriados
Dithmenos
Elyvilon
Fedhas
Gozag
Hepliaklqana
Kikubaaqudgha
Nemelex Xobeh
Okawaru
Qazlal
Ru
Sif Muna
Trog
Uskayaw
Vehumet
Wu Jian
Xom
Yredelemnul
Zin
The Shining One


Message History

The ball of steam hits you!
The searing ray hits the steam dragon!
The steam dragon is moderately wounded.
You are engulfed in a cloud of scalding steam.
* * * LOW HITPOINT WARNING * * *
The searing ray hits the steam dragon.
The steam dragon is heavily wounded.
You are engulfed in a cloud of scalding steam.
* * * LOW HITPOINT WARNING * * *
The steam dragon bites you.
* * * LOW HITPOINT WARNING * * *
The steam dragon claws you but does no damage.
Your magical contamination has completely faded away.
You feel better. The steam dragon misses you.
The steam dragon barely misses you.
Casting: Searing Ray (safe; 1% risk of failure)
Confirm with . or Enter, or press ? or * to list all spells.
Aiming: Searing Ray (safe; 1% risk of failure)
Press: ? - help, Shift-Dir - straight line, f/p - steam dragon
Aim: a steam dragon (heavily wounded, 83% to hit)
The searing ray hits the steam dragon.
The steam dragon is severely wounded. (Press . to maintain the ray.)
The steam dragon misses you. The steam dragon completely misses you.
The searing ray hits the steam dragon!
The steam dragon is almost dead.
The steam dragon breathes steam at you. The ball of steam misses you.
The searing ray misses the steam dragon.
You are engulfed in a cloud of scalding steam.
* * * LOW HITPOINT WARNING * * *
The steam dragon bites you!
* * * LOW HITPOINT WARNING * * *
The steam dragon misses you.
The searing ray hits the steam dragon.
You kill the steam dragon!
Sif Muna accepts your kill.
You finish channelling your searing ray.
You are engulfed in a cloud of scalding steam.
You die...

## ### ..
..# #. #.# #
#.#..##.##.#
...........#
####§####
#...§@§.#
#.##§##.# #
#§# # #.#
#.# ..# ...
###


There were no monsters in sight!

Vanquished Creatures
  A steam dragon (D:8)
  2 water moccasins (D:6)
  2 sky beasts (D:7)
  An ice beast (D:7)
  2 ogres
  3 black bears
  A kobold brigand (D:6)
  4 scorpions
  4 bullfrogs
  5 wights (D:8)
  A howler monkey (D:8)
  2 orc priests
  3 gnoll boudas
  3 hounds
  Terence (D:3)
  6 orc wizards
  2 iguanas
  11 gnolls (D:5)
  2 adders
  A shadow imp (D:6)
  3 white imps
  2 ufetubi
  3 worms
  A dart slug (D:1)
  30 orcs
  7 ball pythons
  6 endoplasms
  2 giant cockroaches (D:2)
  6 goblins
  4 hobgoblins
  2 quokkas
  3 bats
  3 frilled lizards (D:1)
  10 kobolds
  7 rats
146 creatures vanquished.

Vanquished Creatures (collateral kills)
  A black bear (D:7)
  A wight (D:8)
  An orc wizard (D:7)
  A gnoll (D:5)
  7 orcs
  3 ball pythons
  An endoplasm (D:4)
  A goblin (D:3)
  A hobgoblin (D:4)
  A frilled lizard (D:3)
18 creatures vanquished.

Vanquished Creatures (others)
  A bullfrog (D:7)
  2 orcs
  A kobold (D:6)
  7 fulminant prisms
11 creatures vanquished.

Grand Total: 175 creatures vanquished

Notes
Turn   | Place    | Note
-------+----------+-------------------------------------------
     0 | D:1      | Faragor the Deep Elf Conjurer began the quest for the Orb.
     0 | D:1      | Reached XP level 1. HP: 10/10 MP: 6/6
   224 | D:1      | Reached XP level 2. HP: 9/15 MP: 0/8
  1140 | D:2      | Reached XP level 3. HP: 19/19 MP: 1/10
  1472 | D:2      | Found a hazy altar of Hepliaklqana.
  1478 | D:2      | Identified the +3 robe of Syndicalism {rPois Int-3 Slay+3
                  | Stlth+}
  2001 | D:2      | Upgraded the game from 0.31-a0-174-g85c54bcb58 to
                  | 0.31-a0-175-g9f7f995f2b
  2094 | D:3      | Noticed Terence
  2105 | D:3      | Killed Terence
  2106 | D:3      | Reached skill level 4 in Spellcasting
  2106 | D:3      | Reached skill level 5 in Conjurations
  2106 | D:3      | Reached XP level 4. HP: 12/24 MP: 2/12
  2520 | D:3      | Learned a level 2 spell: Searing Ray
  2525 | D:3      | Learned a level 4 spell: Fulminant Prism
  2530 | D:3      | Learned a level 4 spell: Iskenderun's Mystic Blast
  2584 | D:3      | Found an opulent altar of Gozag.
  2685 | D:3      | Found a glowing silver altar of Zin.
  3406 | D:4      | Reached XP level 5. HP: 28/28 MP: 11/13
  3708 | D:4      | Found a basalt altar of Yredelemnul.
  4004 | D:4      | Reached skill level 5 in Spellcasting
  4185 | D:4      | Reached XP level 6. HP: 32/32 MP: 11/15
  4277 | D:4      | You are sucked into a shaft and drop 2 floors!
  4279 | D:6      | Noticed a water moccasin
  4334 | D:6      | Reached skill level 5 in Stealth
  4594 | D:6      | Reached skill level 6 in Spellcasting
  4594 | D:6      | Reached XP level 7. HP: 11/36 MP: 2/18
  4889 | D:5      | Entered Level 5 of the Dungeon
  4971 | D:4      | Found the +5 woodcutter's axe
  5944 | D:5      | Reached skill level 7 in Spellcasting
  6223 | D:5      | Reached XP level 8. HP: 41/41 MP: 11/21
  6755 | D:5      | Learned a level 4 spell: Animate Dead
  6757 | D:5      | Learned a level 1 spell: Apportation
  6878 | D:6      | Reached skill level 8 in Spellcasting
  7053 | D:6      | Found a staircase to the Ecumenical Temple.
  7093 | Temple   | Entered the Ecumenical Temple
  8127 | D:7      | Found a shimmering altar of Xom.
  8128 | D:7      | Found a glowing golden altar of the Shining One.
  8128 | D:7      | Found a bloodstained altar of Trog.
  8128 | D:7      | Found a shimmering blue altar of Sif Muna.
  8144 | D:7      | Reached skill level 9 in Spellcasting
  8239 | D:7      | Became a worshipper of Sif Muna the Loreminder
  8249 | D:7      | Reached XP level 9. HP: 45/45 MP: 18/24
  8352 | D:7      | Found a white marble altar of Elyvilon.
  8384 | D:7      | Found a sand-covered staircase.
  9068 | D:8      | Learned a level 4 spell: Passage of Golubria
  9404 | D:8      | Reached skill level 10 in Spellcasting
  9423 | D:8      | HP: 1/45 [steam dragon (8)]
  9424 | D:8      | Engulfed by a cloud of steam

Illustrated notes

Levels and vault maps discovered:
D:1:      nzn_arrival_depleted_hourglass, layout_basic
D:2:      layout_basic, basic_altar, grunt_ministairs_9
D:3:      layout_rooms, lemuel_doored_altar, zin_treasury, uniq_terence
D:4:      layout_loops_ring, nicolae_overflow_hidden_temple
D:5:      layout_loops_ring
D:6:      layout_loops_ring, minmay_temple_entry_slanted
D:7:      layout_basic, elyvilon_altar_5,
          chequers_temple_overflow_statue_of_worship, enter_ossuary_1,
          dreamdust_princess_bridge, kennysheep_small_circle,
          uniq_crazy_yiuf_cottage
D:8:      layout_loops_cross, kennysheep_crisscross
Temple:   hellmonk_temple_forest_ring

Skill      XL: |  1  2  3  4  5  6  7  8  9 |
---------------+----------------------------+-----
Stealth        | 3 4 5 7 9 |  9.9
Dodging        | 3 |  3.6
Spellcasting   | 4 5 6 7 9 10 | 10.0
Conjurations   | 5 6 7 8 9 |  9.2

Action                     |  1- 3 |  4- 6 |  7- 9 || total
---------------------------+-------+-------+-------++-------
  Melee: Short sword       |       |     5 |       ||     5
   Cast: Magic Dart        |    90 |    49 |    74 ||   213
         Searing Ray       |       |    21 |    46 ||    67
         Fulminant Prism   |       |       |     7 ||     7
         Iskenderun's Myst |       |       |     2 ||     2
    Use: Scroll            |       |     5 |     1 ||     6
         Potion            |       |       |     3 ||     3
 Armour: Robe              |     3 |     8 |    21 ||    32
  Dodge: Dodged            |     3 |    18 |    32 ||    53

Table legend: (Time is in decaauts)
 A = Elapsed time spent in this place.
 B = Non-inter-level travel time spent in this place.
 C = Inter-level travel time spent in this place.
 D = Time resting spent in this place.
 E = Time spent auto-exploring this place.
 F = Levels seen in this place.
 G = Mean time per level.
                   A        B        C        D        E       F      G
               +--------+--------+--------+--------+--------+-----+--------+
         Total |   9425 |   9220 |    205 |   3325 |   4834 |   9 | 1047.2 |
       Dungeon |   9260 |   9073 |    187 |   3325 |   4698 |   8 | 1157.5 |
        Temple |    164 |    146 |     18 |      0 |    136 |   1 |  164.0 |
               +--------+--------+--------+--------+--------+-----+--------+

Top non-repeatable levels by time:
     D:6: 1617 daAuts
     D:5: 1441 daAuts
     D:3: 1343 daAuts
     D:4: 1340 daAuts
     D:7: 1114 daAuts
     D:1: 1114 daAuts
     D:2: 927 daAuts
     D:8: 361 daAuts
  Temple: 164 daAuts
